Map: [ESL] Waterfall

Players

Dark - Winner!

  • Race: Zerg Zerg
  • Spawn Location: 7:00

MaNa

  • Race: Protoss Protoss
  • Spawn Location: 1:00

Event: DreamHack SC2 Masters 2022 Valencia

VOD

Have the link to the VOD?

Description

Time

  • Played on: July 1, 2022, 12:44 p.m.
  • Length: 7:38

All games in this series

Show
View Real Time Build Order
Export as new Build Order

Dark Zerg - Winner!

Build Orders: Hatch First 

Get SALT Encoding   

  12  0:00  Drone  
  13  0:12  Overlord  
  13  0:17  Drone  
  14  0:30  Drone x2  
  14  0:34  Drone  
  17  0:54  Drone, Hatchery  
  17  0:58  Drone  
  18  1:08  Extractor  
  17  1:13  Spawning Pool  
  17  1:16  Drone  
  18  1:18  Drone  
  18  1:29  Drone  
  19  1:38  Drone  
  20  1:49  Drone  
  21  2:00  Zergling x2  
  22  2:05  Queen  
  22  2:06  Queen  
  22  2:07  Zergling x2  
  22  2:08  Metabolic Boost  
  27  2:11  Overlord  
  27  2:17  Drone  
  28  2:32  Drone  
  28  2:34  Drone x2  
  31  2:39  Hatchery  
  31  2:41  Drone  
  31  2:47  Queen  
  31  2:49  Zergling x2  
  34  2:54  Overlord  
  35  2:58  Drone  
  35  3:00  Drone  
  35  3:09  Overlord  
  35  3:13  Drone  
  35  3:15  Drone  
  35  3:16  Queen  
  35  3:18  Drone  
  35  3:19  Drone  
  41  3:22  Overlord  
  41  3:28  Drone x2  
  41  3:32  Queen  
  45  3:34  Spore Crawler  
  45  3:37  Drone  
  45  3:41  Overlord  
  45  3:43  Spore Crawler  
  45  3:47  Drone  
  45  3:48  Drone  
  46  3:50  Drone  
  46  3:51  Drone  
  48  3:55  Zergling x2  
  48  3:56  Zergling x2  
  48  3:59  Drone  
  48  4:02  Queen  
  51  4:04  Drone  
  51  4:09  Drone  
  55  4:10  Drone  
  55  4:11  Evolution Chamber  
  55  4:12  Drone  
  55  4:15  Drone x2  
  58  4:22  Drone x3  
  58  4:23  Drone x2  
  63  4:28  Baneling Nest  
  62  4:36  Extractor, Zergling x6  
  62  4:37  Overlord  
  64  4:40  Overlord  
  64  4:45  Overlord  
  63  4:48  Drone x2  
  63  4:50  Overlord  
  65  4:54  Zerg Melee Weapons Level 1  
  65  4:56  Zergling x2  
  65  4:57  Zergling x6  
  69  5:03  Zergling x2  
  69  5:05  Zergling x6  
  69  5:06  Zergling x4  
  75  5:07  Zergling x6  
  75  5:12  Zergling x4  
  75  5:13  Zergling x2  
  81  5:16  Zergling x2  
  81  5:18  Baneling x4  
  81  5:19  Baneling  
  81  5:20  Zergling x4  
  84  5:25  Queen  
  85  5:29  Spine Crawler  
  85  5:31  Zergling x2  
  85  5:32  Zergling x4  
  85  5:37  Zergling x16  
  85  5:42  Zergling x6  
  91  5:49  Zergling x2  
  88  5:51  Zergling x2  
  88  5:55  Zergling x2, Baneling  
  88  5:56  Baneling x7  
  90  5:58  Queen  
  90  5:59  Queen  
  94  6:07  Overlord  
  94  6:10  Overlord  
  93  6:12  Overlord x2  
  93  6:16  Zergling x8  
  90  6:22  Zergling x2  
  90  6:24  Queen, Zergling x2  
  92  6:26  Zergling x2  
  92  6:29  Zergling x2  
  92  6:32  Zergling x4  
  93  6:36  Zergling x2  
  84  6:40  Zergling x6  
  84  6:44  Zergling x2  
  81  6:50  Zergling x4  
  78  6:55  Zergling x2  
  78  6:56  Queen x2  
  78  6:59  Queen, Zergling x2  
  82  7:08  Zergling x2  
  80  7:10  Zergling x2  
  80  7:11  Zergling x6  
  80  7:13  Hatchery  
Show
View Real Time Build Order
Export as new Build Order

MaNa Protoss 

Build Orders: 1 Gate Expand, Oracle Opening, Blink Stalkers 

Get SALT Encoding   

  12  0:00  Probe  
  13  0:12  Probe  
  14  0:19  Pylon  
  14  0:24  Probe  
  15  0:38  Probe (Chrono Boost)  
  16  0:43  Gateway  
  16  0:46  Probe (Chrono Boost)  
  17  0:51  Assimilator  
  17  0:52  Probe (Chrono Boost)  
  19  1:04  Probe (Chrono Boost)  
  19  1:13  Probe (Chrono Boost)  
  20  1:18  Probe  
  21  1:32  Nexus  
  21  1:42  Cybernetics Core  
  21  1:48  Assimilator  
  21  1:53  Pylon  
  21  1:56  Probe  
  22  2:08  Probe  
  23  2:17  Adept (Chrono Boost)  
  23  2:18  Stargate  
  23  2:20  Probe  
  26  2:26  Warp Gate  
  26  2:32  Probe  
  26  2:39  Stalker  
  26  2:44  Probe x2  
  30  2:56  Probe x2  
  32  3:00  Oracle (Chrono Boost)  
  35  3:08  Probe (Chrono Boost)  
  35  3:09  Probe (Chrono Boost)  
  37  3:21  Probe (Chrono Boost)  
  37  3:26  Probe (Chrono Boost), Gateway  
  39  3:28  Twilight Council  
  39  3:29  Probe (Chrono Boost)  
  39  3:33  Probe (Chrono Boost)  
  41  3:35  Probe  
  42  3:42  Gateway  
  42  3:44  Probe, Assimilator  
  42  3:47  Probe  
  44  3:56  Pylon, Probe  
  44  3:57  Blink (Chrono Boost)  
  44  3:59  Probe  
  46  4:02  Assimilator  
  46  4:14  Probe x2  
  46  4:15  Stalker  
  46  4:16  Pylon  
  50  4:23  Gateway  
  50  4:24  Stalker  
  50  4:26  Probe  
  50  4:29  Pylon  
  50  4:31  Probe  
  54  4:39  Stalker, Probe  
  54  4:43  Probe  
  54  4:44  Stalker  
  60  4:48  Stalker  
  62  4:53  Gateway  
  62  4:59  Gateway  
  62  5:07  Stalker x2  
  66  5:12  Pylon  
  66  5:27  Stalker x2  
  70  5:36  Pylon  
  70  5:41  Stalker  
  70  5:44  Pylon  
  68  5:51  Stalker x4  
  68  5:55  Gateway  
  68  5:56  Stalker  
  78  6:01  Pylon  
  76  6:18  Stalker x4  
  76  6:21  Stalker  
  62  6:33  Stalker  
  52  6:47  Zealot  

Tags
 
Add a new tag
Caveats
  • Supply blocks, unpowered buildings, or Contaminate may cause inaccurate times.
  • Supply counts are checked every 10 seconds.